 Dungeon Crawl Stone Soup version 0.18-a0-1526-gcb34c7c (webtiles) character file.

230 HungrySpirit the Cudgeler (level 6, -1/61 HPs)
             Began as an Ogre Arcane Marksman on Mar 8, 2016.
             Slain by a shadow imp (4 damage)
             ... on level 3 of the Dungeon.
             The game lasted 00:05:49 (4523 turns).

HungrySpirit the Cudgeler (Ogre Arcane Marksman)    Turns: 4523, Time: 00:05:49

Health: -1/61      AC:  3    Str: 19    XL:     6   Next: 3%
Magic:  7/7        EV: 10    Int: 12    God:
Gold:   60         SH:  0    Dex:  9    Spells: 1 memorised, 6 levels left

rFire  . . .     SeeInvis .     c - +0 flail
rCold  . . .     Gourm    .     a - +0 robe
rNeg   . . .     Faith    .     (no shield)
rPois  +         Spirit   .     (helmet restricted)
rElec  .         Dismiss  .     (no cloak)
rCorr  .         Reflect  .     (gloves unavailable)
SustAt .         Harm     .     (boots unavailable)
MR     .....                    (no amulet)
Stlth  +.........               (no ring)
                                o - ring of poison resistance

@: not resistant to hostile enchantments, very unstealthy
A: unfitting armour, tough skin 1
a: no special abilities


You were on level 3 of the Dungeon.
You were not hungry.

You visited 1 branch of the dungeon, and saw 3 of its levels.

You collected 60 gold pieces.

Inventory:

Hand Weapons
 c - a +0 flail (weapon)
 k - a +0 club
Armour
 a - a +0 robe (worn)
Jewellery
 o - a ring of poison resistance (left hand)
Scrolls
 e - 3 scrolls of recharging {unknown}
 g - 3 scrolls of noise {unknown}
 h - 2 scrolls of blinking {unknown}
 i - 2 scrolls of remove curse {unknown}
 l - 3 scrolls of identify {unknown}
 m - a scroll of magic mapping {unknown}
Books
 b - a book of Debilitation

   Spells                             Type                      Level
   a - Corona                         Hexes                        1
   b - Slow                           Hexes                        2
   c - Gell's Gravitas                Hexes/Translocation          3
   d - Inner Flame                    Hexes/Fire                   3
   e - Cause Fear                     Hexes                        4
   f - Leda's Liquefaction            Hexes/Earth                  4
Comestibles
 d - 2 chunks of flesh
 f - 3 bread rations
 n - a meat ration


   Skills:
 - Level 3.4 Fighting
 * Level 6.6 Maces & Flails
 - Level 2.0 Throwing
 - Level 1.7 Dodging
 - Level 1.2 Spellcasting
 - Level 2.1 Hexes


You had 6 spell levels left.
You knew the following spells:

 Your Spells              Type           Power        Failure   Level  Hunger
a - Corona                Hex            #......      14%         1    ##.....


Dungeon Overview and Level Annotations

Branches:
Dungeon (3/15)

Altars:
Makhleb
The Shining One


Innate Abilities, Weirdness & Mutations

You are too large for most types of armour.
You have tough skin (AC +1).


Message History

You throw a large rock.
The large rock closely misses the shadow imp.
The shadow imp hits you.
* * * LOW HITPOINT WARNING * * *
You barely miss the shadow imp. The shadow imp hits you.
* * * LOW HITPOINT WARNING * * *
You aren't carrying any potions.
Read which item? (? for menu, Esc to quit)
Okay, then.
You barely miss the shadow imp. The shadow imp barely misses you.
You closely miss the shadow imp. The shadow imp misses you.
You barely miss the shadow imp. The shadow imp hits you.
* * * LOW HITPOINT WARNING * * *
You sock the shadow imp!
The shadow imp is severely wounded.
The shadow imp barely misses you.
You hit the shadow imp but do no damage.
The shadow imp is severely wounded.
The shadow imp hits you.
You die...

##...## # ######
######..#### #.....
............. #.....
#...........# #.....
####..####... +.....
##.#####.. #.....
#........ #.....##
##.......# #....)@#
#.##......... ######5##
#.##.......## #..#
#..........##
##[###.##......###
#..##.###.......#
##....##.........
##............#. #.
######............#.
#.####...##..<...........


You could see a shadow imp.

Vanquished Creatures
  An orc priest (D:3)
  A hound (D:2)
  An orc wizard (D:3)
  5 adders
  An ooze (D:1)
  A worm (D:3)
  2 dart slugs
  A giant gecko (D:1)
  7 orcs (D:3)
  8 bats
  2 giant cockroaches
  7 goblins
  8 hobgoblins
  13 jackals
  A quokka (D:3)
  5 giant newts
  6 kobolds
  6 rats
76 creatures vanquished.

Notes
Turn   | Place    | Note
--------------------------------------------------------------
     0 | D:1      | HungrySpirit the Ogre Arcane Marksman began the quest for the Orb.
     0 | D:1      | Reached XP level 1. HP: 19/19 MP: 2/2
   396 | D:1      | Reached XP level 2. HP: 21/29 MP: 3/3
  1084 | D:1      | Reached skill level 1 in Maces & Flails
  1318 | D:1      | Reached XP level 3. HP: 21/37 MP: 4/4
  1511 | D:1      | Found a glowing golden altar of the Shining One.
  1738 | D:1      | Reached skill level 2 in Maces & Flails
  2217 | D:2      | Reached skill level 3 in Maces & Flails
  2704 | D:2      | Found a burning altar of Makhleb.
  2716 | D:2      | Reached skill level 4 in Maces & Flails
  2716 | D:2      | Reached XP level 4. HP: 13/45 MP: 5/5
  3330 | D:2      | Reached XP level 5. HP: 48/53 MP: 6/6
  3744 | D:3      | Reached skill level 5 in Maces & Flails
  4112 | D:3      | Reached skill level 6 in Maces & Flails
  4454 | D:3      | Reached XP level 6. HP: 52/61 MP: 7/7
  4518 | D:3      | HP: 3/61 [shadow imp (2)]
  4523 | D:3      | Slain by a shadow imp

Vault maps used:
D:1:      co_arrival_random_square_maze, tso_altar
D:2:      makhleb_heckhound_becter
D:3:      first_bread, minmay_fountain_box

Skill      XL: |  1  2  3  4  5 |
---------------+----------------+-----
Fighting       | 2 3 |  3.4
Maces & Flails | 1 4 6 |  6.6
Throwing       | |  2.0
Dodging        | |  1.7
Spellcasting   | |  1.2
Hexes          | |  2.1

Action                   |  1- 3 |  4- 6 || total
-------------------------+-------+-------++-------
Melee: Unarmed           |    31 |       ||    31
       Dagger            |    26 |       ||    26
       Club              |   147 |   130 ||   277
       Flail             |       |    69 ||    69
Throw: Large rock        |    15 |    13 ||    28
       Throwing net      |     3 |     3 ||     6
  Use: Potion            |       |     2 ||     2
 Stab: Held in net/web   |     2 |       ||     2
  Eat: Chunk             |     5 |     7 ||    12
